 Dungeon Crawl Stone Soup version 0.21.1-1-g345015f (webtiles) character file.

75 shakethe the Firebug (level 4, -2/24 HPs)
             Began as a Tengu Fire Elementalist on Feb 9, 2018.
             Slain by a quokka (4 damage)
             ... on level 2 of the Dungeon.
             The game lasted 00:07:26 (2286 turns).

shakethe the Firebug (Tengu Fire Elementalist)      Turns: 2286, Time: 00:07:27

Health: -2/24      AC:  6    Str:  9    XL:     4   Next: 31%
Magic:  8/8        EV: 12    Int: 16    God:
Gold:   90         SH:  0    Dex: 14    Spells: 7/8 levels left

rFire    . . .     SeeInvis .   d - +1 short sword (speed)
rCold    . . .     Gourm    .   (no shield)
rNeg     . . .     Faith    .   a - +0 robe
rPois    .         Spirit   .   i - +2 hat
rElec    .         Reflect  .   (no cloak)
rCorr    +         Harm     .   h - +1 pair of gloves
MR       .....                  (boots unavailable)
Stlth    ++........             (no amulet)
HPRegen  0.08/turn              r - ring of resist corrosion
MPRegen  0.11/turn              (no ring)

@: no status effects
A: beak, talons 3
a: no special abilities


You were on level 2 of the Dungeon.
You were not hungry.

You visited 1 branch of the dungeon, and saw 4 of its levels.

You collected 90 gold pieces.

Inventory:

Hand Weapons
 d - a +1 short sword of speed (weapon)
   (You took it off a goblin on level 2 of the Dungeon)
 o - a +2 short sword of draining
   (You took it off a kobold on level 1 of the Dungeon)
Armour
 a - a +0 robe (worn)
 h - a +1 pair of gloves (worn)
   (You found it on level 1 of the Dungeon)
 i - a +2 hat (worn)
   (You found it on level 1 of the Dungeon)
Jewellery
 r - a ring of resist corrosion (left hand)
   (You found it on level 2 of the Dungeon)
Scrolls
 f - a scroll of teleportation {unknown}
 j - a scroll of blinking {unknown}
 k - a scroll of enchant weapon {unknown}
 m - a scroll of amnesia {unknown}
 p - 2 scrolls of identify {unknown}
 s - 2 scrolls of remove curse {unknown}
Potions
 e - a potion of curing {unknown}
 g - a potion of invisibility {unknown}
 l - 2 potions of mutation {unknown}
 n - 2 potions of degeneration {unknown}
 q - a potion of might {unknown}
Books
 b - a book of Flames
Comestibles
 c - a ration
 t - 2 chunks of flesh {@w0}


   Skills:
 - Level 2.1 Dodging
 - Level 2.0 Stealth
 + Level 2.5 Spellcasting
 * Level 3.4 Conjurations
 * Level 4.3 Fire Magic


You had 7 spell levels left.
You knew the following spells:

 Your Spells              Type           Power        Failure   Level  Hunger
a - Flame Tongue          Conj/Fire      ##...        4%          1    #......


Dungeon Overview and Level Annotations

Branches:
Dungeon (4/15)
 Temple: D:4-7

Altars:
Zin

Annotations:
D:4 shakethe's ghost, novice TeFE


Innate Abilities, Weirdness & Mutations

You have a beak for a mouth.
You have claws for feet.


Message History

n - 2 fizzy red potions You open the door.
Found a glowing silver altar of Zin.
There is an open door here.
There is a glowing silver altar of Zin here.
You open the door.
There is an open door here.
p - 2 scrolls labeled YSHROH ALUPPEHA (gained 1)
l - 2 viscous sapphire potions (gained 1)
A quokka comes into view.
You don't know that spell.
You closely miss the quokka. You claw the quokka, but do no damage.
The quokka bites you.
You take 3 damage, and have 21/24 hp.
You hit the quokka but do no damage.
The quokka bites you but does no damage.
You hit the quokka. Your kick misses the quokka. The quokka bites you.
You take 1 damage, and have 20/24 hp.
You barely miss the quokka. Your kick misses the quokka.
The quokka bites you but does no damage.
You closely miss the quokka. Your peck misses the quokka.
The quokka closely misses you.
You hit the quokka. The quokka barely misses you.
You closely miss the quokka. Your kick misses the quokka.
The quokka bites you but does no damage.
You hit the quokka but do no damage. The quokka closely misses you.
You barely miss the quokka. You hit the quokka but do no damage.
You kill the quokka!
You see here a quokka corpse.
You see here a quokka corpse.
You butcher the quokka corpse.
t - 2 chunks of flesh {@w0} Your movement speed is average.
Your attack speed is quite fast.
Unknown command.
You found a teleport trap!
You open the door.
A jackal, 2 gnolls and a gnoll shaman come into view.
The gnoll shouts! x2; The gnoll shaman shouts!
You hear a bark!
A gnoll comes into view. It is wielding a halberd.
The gnoll shouts!
A jackal comes into view.
There is an open door here.
A jackal comes into view.
You close the door.
A gnoll opens the door.
You barely miss the jackal. You peck the jackal. The jackal closely misses you.
The jackal bites you but does no damage.
Aim: a jackal (heavily wounded)
The flame tongue hits the jackal.
You kill the jackal!
The jackal barks!
You now have 7/8 mp.
The jackal barely misses you.
The jackal bites you but does no damage.
Aim: a jackal The flame tongue hits the jackal.
You kill the jackal!
You now have 6/8 mp.
Shakethe's ghost (novice Tengu Fire Elementalist) comes into view.
Shakethe's ghost moves out of view.
Shakethe's ghost turns its malevolent gaze towards you.
Found a stone staircase leading up.
Shakethe's ghost barely misses you. Shakethe's ghost casts a spell at you.
The flame tongue hits you!
Ouch! That really hurt!
* * * LOW HITPOINT WARNING * * *
You take 19 damage, and have 4/24 hp.
MASSIVE DAMAGE!!
There is a stone staircase leading up here.
The gnoll barely misses you.
You climb upwards.
There is a stone staircase leading down here.
MP restored: 8 The gnoll hits you but does no damage.
Found 13 gold pieces and a yellow potion.
Found a stone staircase leading up.
A quokka comes into view.
You see here a yellow potion.
There is a stone staircase leading up here.
The quokka closely misses you. The gnoll misses you.
You climb upwards.
There is a stone staircase leading down here.
The quokka bites you.
* * * LOW HITPOINT WARNING * * *
You take 4 damage, and have 1/24 hp.
The gnoll misses you. The quokka closely misses you.
The quokka barely misses you. The quokka misses you.
The quokka completely misses you. The quokka closely misses you.
The quokka misses you. The quokka barely misses you. The quokka misses you.
The quokka bites you.
* * * LOW HITPOINT WARNING * * *
You take 4 damage, and have 2/24 hp.
The quokka barely misses you. The quokka bites you.
You die...

#.......).....##...#####
#รท.......#######...#
#)##.##..#### #...#
........##.#......# #...# ###
........##.#...##.####...#####..
........##.#................).#.
................................
.......###<...#.r.............#.
....... ###...@g.####...####...
....... ##)##### #...# #... #.
#...# #... # #...# #... #...#
#... #...# #... ### #...# #...
###.#####.#####)..
#.................


You could see a gnoll and a quokka.

Vanquished Creatures
  2 adders
  2 dart slugs
  3 leopard geckos
  4 giant cockroaches
  5 goblins
  6 hobgoblins
  2 jackals (D:4)
  4 kobolds (D:1)
  A quokka (D:4)
  A ball python (D:1)
  7 bats
  4 frilled lizards
  8 rats
49 creatures vanquished.

Notes
Turn   | Place    | Note
-------+----------+-------------------------------------------
     0 | D:1      | shakethe the Tengu Fire Elementalist began the quest for the Orb.
     0 | D:1      | Reached XP level 1. HP: 10/10 MP: 4/4
    40 | D:1      | HP: 2/10 [bat (1)]
   498 | D:1      | Reached skill level 2 in Conjurations
   498 | D:1      | Reached XP level 2. HP: 14/15 MP: 1/6
  1045 | D:1      | Reached XP level 3. HP: 19/19 MP: 5/7
  1427 | D:2      | Reached skill level 4 in Fire Magic
  1472 | D:1      | Reached skill level 3 in Conjurations
  1829 | D:2      | Reached XP level 4. HP: 24/24 MP: 1/8
  2099 | D:2      | You fall through a shaft for 2 floors!
  2111 | D:4      | Found a glowing silver altar of Zin.
  2202 | D:4      | Noticed shakethe's ghost (novice TeFE)
  2209 | D:4      | HP: 4/24 [shakethe's ghost/flame tongue (19)]
  2226 | D:2      | HP: 1/24 [quokka (4)]
  2285 | D:2      | HP: 2/24 [quokka (4)]
  2286 | D:2      | Slain by a quokka

Skill      XL: |  1  2  3 |
---------------+----------+-----
Conjurations   | 2 3 |  3.4
Fire Magic     | 4 |  4.3
Dodging        | |  2.1
Stealth        | |  2.0
Spellcasting   | |  2.5

Action                   |  1- 3 |  4- 6 || total
-------------------------+-------+-------++-------
Melee: Short sword       |    35 |    19 ||    54
       Unarmed           |     2 |       ||     2
       Kick              |     4 |     5 ||     9
       Peck              |     4 |     1 ||     5
 Cast: Flame Tongue      |    62 |     7 ||    69
  Eat: Chunk             |     4 |     1 ||     5
Armor: Robe              |    26 |     9 ||    35
Dodge: Dodged            |    67 |    26 ||    93

Vault maps used:
D:1:      lemuel_arrival_broad_hall, serial_bayou_pond_a, minmay_tetromino_t4
D:2:      wad_floor_pattern_1
D:3:      makhleb_grotto_becter, marbit_many_paths, dk_noncrumbling_4,
          kennysheep_okawaru_gauntlet
D:4:      nicolae_ru_awakened_eye, kennysheep_mini_moat,
          minmay_overflow_temple_star_quad, lemuel_temple_firewalk_b,
          serial_shops, kennysheep_little_box

Table legend:
 A = Turns spent in this place as a percentage of turns spent in the entire game.
 B = Non-inter-level travel turns spent in this place as a percentage of non-inter-level travel turns spent in the entire game.
 C = Inter-level travel turns spent in this place as a percentage of turns spent in this place.
 D = Turns resting spent in this place as a percentage of non-inter-level travel turns spent in this place.
 E = Turns spent auto-exploring this place as a percentage of non-inter-level travel turns spent in this place.
 F = Non-inter-level travel turns spent in this place divided by the number of levels of this place that you've seen.
                   A       B       C       D       E      F
               +-------+-------+-------+-------+-------+----------------------
         Total | 100.0 | 100.0 |   0.0 |  39.8 |  25.6 | 571.5
       Dungeon | 100.0 | 100.0 |   0.0 |  39.8 |  25.6 | 571.5
               +-------+-------+-------+-------+-------+----------------------

Table legend:
 A = Kills in this place as a percentage of kills in entire the game.
 B = Kills by you in this place as a percentage of kills by you in the entire game.
 C = Kills by friends in this place as a percentage of kills by friends in the entire game.
 D = Other kills in this place as a percentage of other kills in the entire game.
 E = Experience gained in this place as a percentage of experience gained in the entire game.
 F = Experience gained in this place divided by the number of levels of this place that you have seen.
                   A       B       C       D       E      F
               +-------+-------+-------+-------+-------+----------------------
         Total | 100.0 | 100.0 |   N/A |   N/A | 100.0 |  27.0
       Dungeon | 100.0 | 100.0 |   N/A |   N/A | 100.0 |  27.0
               +-------+-------+-------+-------+-------+----------------------
